 Dungeon Crawl Stone Soup version 0.22.2-1-ge965b3a (webtiles) character file.

141 Royalard the Chopper (level 5, -1/38 HPs)
             Began as a Demonspawn Wanderer on June 5, 2019.
             Was an Initiate of Makhleb.
             Slain by a gnoll
             ... wielding a +0 halberd
              (5 damage)
             ... on level 3 of the Dungeon.
             The game lasted 00:16:36 (2899 turns).

Royalard the Chopper (Demonspawn Wanderer)          Turns: 2899, Time: 00:16:38

Health: -1/38      AC: 14    Str: 12    XL:     5   Next: 3%
Magic:  10/10      EV:  2    Int: 14    God:    Makhleb [......]
Gold:   88         SH:  0    Dex: 13    Spells: 11/11 levels left

rFire    + . .     SeeInvis .   a - +3 hand axe
rCold    x . .     Gourm    .   (no shield)
rNeg     . . .     Faith    .   e - +1 plate armour
rPois    .         Spirit   .   (helmet restricted)
rElec    .         Reflect  .   u - +1 cloak
rCorr    .         Harm     .   (no gloves)
MR       .....                  (no boots)
Stlth    ..........             (no amulet)
HPRegen  0.12/turn              j - ring of fire
MPRegen  0.12/turn              (no ring)

@: no status effects
A: antennae 1, nightstalker 1
a: Renounce Religion


You were on level 3 of the Dungeon.
You worshipped Makhleb.
Makhleb was noncommittal.
You were not hungry.

You visited 1 branch of the dungeon, and saw 3 of its levels.

You collected 88 gold pieces.

Inventory:

Hand Weapons
 a - a +3 hand axe (weapon)
 c - a +0 dagger
 d - a +0 short sword
 f - a +0 mace
 g - a +0 club
 h - a +0 dagger
 l - a +0 club
 n - a +0 dagger
 t - a +0 trident
 w - a +0 dagger
 x - a +0 whip
 z - a +0 hunting sling
 B - a cursed -2 falchion
Missiles
 m - 188 stones (quivered)
 p - 51 bolts
 s - 13 poisoned needles
Armour
 b - a +0 ring mail
 e - a +1 plate armour (worn)
 k - a +0 leather armour
 o - a +0 robe
 r - a +0 chain mail
 u - a +1 cloak (worn)
Jewellery
 j - a ring of fire (left hand)
 C - an uncursed ring of flight {unknown}
Scrolls
 i - 6 scrolls of identify
 q - 2 scrolls of remove curse
 v - a scroll of noise {unknown}
 y - 3 scrolls of teleportation
 D - a scroll of amnesia {unknown}
Potions
 E - 2 potions of curing
Comestibles
 A - a ration


   Skills:
 + Level 2.2 Fighting
 + Level 3.8 Axes
 + Level 2.3 Armour
 + Level 1.1 Stealth
   Level 1.0 Shields
 + Level 3.5 Spellcasting


You had 11 spell levels left.
You didn't know any spells.
Your spell library was empty.

Dungeon Overview and Level Annotations

Branches:
Dungeon (3/15)

Altars:
Makhleb
Qazlal
Xom


Innate Abilities, Weirdness & Mutations

You have a pair of small antennae on your head.
You are slightly more attuned to the shadows.


Message History

Unknown command.
You barely miss the gnoll.
The gnoll is moderately wounded.
A ball python comes into view.
The gnoll hits you with a club.
* * * LOW HITPOINT WARNING * * *
The gnoll hits you from afar with a halberd.
* * * LOW HITPOINT WARNING * * *
Your plate armour prevents you from hitting the gnoll.
The gnoll is moderately wounded.
The gnoll hits you but does no damage.
The gnoll hits you from afar with a halberd.
* * * LOW HITPOINT WARNING * * *
You hit the gnoll.
The gnoll is heavily wounded.
The gnoll hits you but does no damage.
The gnoll hits you from afar with a spear.
* * * LOW HITPOINT WARNING * * *
The gnoll hits you from afar with a halberd.
You die...

###.######## #
#......... ###...######
....#.# #####.# #.# #
#.# ###.##### #.#
........# #.#
#.###.##@.# #####.# #.#
#.##g.# ...[..#
#.###.##gg# ...####
#.##....S.# ....##
#..#..##..#
.....####.........#
.....'......†.........g.
.....####.........##.##g
....## ##..####### ..


You could see 3 gnolls and a ball python.

Vanquished Creatures
  Natasha (twice) (D:2)
  A worker ant (D:3)
  3 adders (D:2)
  3 leopard geckos
  An orc (D:3)
  6 bats
  2 giant cockroaches (D:2)
  5 goblins
  A hobgoblin (D:2)
  2 jackals (D:2)
  A quokka (D:2)
  A ball python (D:2)
  3 frilled lizards
  3 kobolds
  5 rats
39 creatures vanquished.

Notes
Turn   | Place    | Note
-------+----------+-------------------------------------------
     0 | D:1      | Royalard the Demonspawn Wanderer began the quest for the
                  | Orb.
     0 | D:1      | Royalard set off with: a +2 hand axe, a +0 ring mail, a
                  | potion of curing, a ration
     0 | D:1      | Reached XP level 1. HP: 16/16 MP: 4/4
   852 | D:1      | Gained mutation: You are slightly more attuned to the
                  | shadows. [demonic ancestry]
   852 | D:1      | Reached XP level 2. HP: 3/22 MP: 6/6
  1829 | D:2      | Noticed Natasha
  1840 | D:2      | Killed Natasha
  1840 | D:2      | Reached skill level 1 in Armour
  1840 | D:2      | Reached XP level 3. HP: 17/27 MP: 8/8
  1885 | D:2      | Noticed Natasha
  1893 | D:2      | Killed Natasha
  1893 | D:2      | Gained mutation: You have a pair of small antennae on your
                  | head. [demonic ancestry]
  1893 | D:2      | Reached XP level 4. HP: 15/33 MP: 9/9
  2157 | D:2      | Found a burning altar of Makhleb.
  2157 | D:2      | Found a shimmering altar of Xom.
  2171 | D:2      | Became a worshipper of Makhleb the Destroyer
  2372 | D:3      | Found a stormy altar of Qazlal.
  2822 | D:3      | Reached XP level 5. HP: 11/38 MP: 10/10
  2899 | D:3      | Slain by a gnoll

Skill      XL: |  1  2  3  4 |
---------------+-------------+-----
Axes           | 3 |  3.8
Armour         | 1 2 |  2.3
Fighting       | |  2.2
Stealth        | |  1.1
Shields        | |  1.0
Spellcasting   | |  3.5

Action                   |  1- 3 |  4- 6 || total
-------------------------+-------+-------++-------
Melee: Dagger            |    26 |       ||    26
       Hand axe          |    72 |    78 ||   150
Throw: Stone             |     2 |     2 ||     4
  Use: Scroll            |     7 |       ||     7
       Potion            |     1 |     2 ||     3
  Eat: Ration            |     1 |     1 ||     2
Armor: Plate armour      |    95 |    98 ||   193
       Ring mail         |     5 |       ||     5
Dodge: Dodged            |     7 |    11 ||    18
